 Dungeon Crawl Stone Soup version 0.29.1-2-gbd0b4ee654 (webtiles) character file.

Game seed: 13568146242285957457

12361 cdecastro the Spear-Bearer (level 11, -9/90 HPs)
             Began as a Gnoll Cinder Acolyte on Oct 24, 2022.
             Was a Priest of Ignis.
             Mangled by an orc knight
             ... wielding a +0 battleaxe
              (13 damage)
             ... on level 10 of the Dungeon on Oct 26, 2022.
             The game lasted 00:43:55 (17382 turns).

cdecastro the Spear-Bearer (Gnoll Cinder Acolyte)  Turns: 17382, Time: 00:43:55

Health: -9/90      AC: 14    Str: 13    XL:     11   Next: 92%
Magic:  0/22       EV: 13    Int: 19    God:    Ignis [***...]
Gold:   620        SH:  0    Dex:  7    Spells: 20/25 levels left

rFire   + . .      SeeInvis .   A - +7 rapier of Action {vorpal, Will+ Stlth+}
rCold   . . .      Faith    .   (no shield)
rNeg    . . .      Spirit   .   R - +0 steam dragon scales
rPois   .          Reflect  .   (no helmet)
rElec   .          Harm     .   C - +0 cloak
rCorr   .          Rampage  .   r - +1 pair of gloves
Will    +....                   (no boots)
Stlth   ++++......              (no amulet)
HPRegen 0.25/turn               t - +4 ring of protection
MPRegen 0.18/turn               i - +4 ring of slaying

@: no status effects
A: fangs 1, strong nose, distributed training
a: Renounce Religion, Fiery Armour, Foxfire Swarm


You were on level 10 of the Dungeon.
You worshipped Ignis.
Ignis was most pleased with you.
You visited 2 branches of the dungeon, and saw 12 of its levels.

You collected 620 gold pieces.

Inventory:

Hand Weapons
 a - a +3 scimitar of flaming
 A - the +7 rapier of Action (weapon) {vorpal, Will+ Stlth+}
   (You took it off a kobold on level 9 of the Dungeon)

   It inflicts extra damage upon your enemies.
   Will:      It increases your willpower.
   Stlth:     It makes you more stealthy.
 N - the +5 dagger "Nomoif" {vorpal, rPois rF++ Str-4 Stlth+}
   (You took it off an orc on level 7 of the Dungeon)

   It inflicts extra damage upon your enemies.
   Str:       It affects your strength (-4).
   rF:        It greatly protects you from fire.
   rPois:     It protects you from poison.
   Stlth:     It makes you more stealthy.
 V - a +5 battleaxe
Missiles
 e - 10 javelins
 h - 130 stones
 w - 15 poisoned darts (quivered)
 K - 6 boomerangs
 X - 2 curare-tipped darts
 Y - 3 boomerangs of dispersal
Armour
 b - a +0 robe
 r - a +1 pair of gloves (worn)
 C - a +0 cloak (worn)
 Q - a +0 ring mail of cold resistance
 R - +0 steam dragon scales (worn)
Magical Staves
 c - a staff of fire
 F - a staff of conjuration
Jewellery
 i - a +4 ring of slaying (right hand)
 t - a +4 ring of protection (left hand)
 B - a +6 ring of strength
 O - a ring of magical power
 P - a ring of wizardry
 T - a +4 ring of protection
Wands
 p - a wand of digging (9)
 z - a wand of roots (10)
 H - a wand of flame (40)
 M - a wand of polymorph (14)
Scrolls
 d - 3 scrolls of enchant weapon
 g - 4 scrolls of teleportation
 m - a scroll of poison {unknown}
 n - 2 scrolls of enchant armour
 u - 6 scrolls of vulnerability
 x - 2 scrolls of identify
 y - 2 scrolls of silence {unknown}
 E - 2 scrolls of acquirement {unknown}
 J - 4 scrolls of blinking
 L - a scroll of torment
 S - a scroll of magic mapping {unknown}
 W - a scroll of amnesia {unknown}
 Z - a scroll of brand weapon {unknown}
Potions
 f - 6 potions of curing
 j - 4 potions of berserk rage
 k - a potion of degeneration {unknown}
 l - 3 potions of lignification
 o - 3 potions of attraction
 q - 2 potions of brilliance {unknown}
 s - a potion of invisibility {unknown}
 v - 2 potions of haste
 D - 3 potions of heal wounds
 G - 2 potions of resistance
 I - 3 potions of flight


   Skills:
 + Level 9.7 Fighting
 + Level 7.0 Short Blades
 + Level 7.0 Long Blades
 + Level 7.0 Axes
 + Level 7.0 Maces & Flails
 + Level 9.7 Polearms
 + Level 7.0 Staves
 + Level 7.0 Ranged Weapons
 + Level 7.0 Throwing
 + Level 7.0 Armour
 + Level 7.0 Dodging
 + Level 7.0 Stealth
 + Level 7.0 Shields
 + Level 7.0 Unarmed Combat
 + Level 7.6 Spellcasting
 + Level 5.8 Conjurations
 + Level 5.8 Hexes
 + Level 5.8 Summonings
 + Level 5.8 Necromancy
 + Level 5.8 Translocations
 + Level 5.8 Transmutations
 + Level 8.1 Fire Magic
 + Level 5.8 Ice Magic
 + Level 5.8 Air Magic
 + Level 5.8 Earth Magic
 + Level 5.8 Poison Magic
 + Level 7.7 Invocations
 + Level 7.0 Evocations


You had 20 spell levels left.
You knew the following spells:

 Your Spells              Type           Power      Damage    Failure   Level
a - Scorch                Fire           76%        2d8       1%          2
b - Mephitic Cloud        Conj/Pois/Air  29%        N/A       2%          3

Your spell library contained the following spells:

 Spells                   Type           Power      Damage    Failure   Level
 Beastly Appendage        Tmut           58%        N/A       1%          1
 Magic Dart               Conj           100%       1d8       1%          1
 Sandblast                Erth           58%        2d13      1%          1
 Call Imp                 Summ           29%        N/A       1%          2
 Passwall                 Tmut/Erth      24%        N/A       1%          2
 Wereblood                Tmut           29%        N/A       1%          2
 Ozocubu's Armour         Ice            29%        N/A       2%          3
 Spider Form              Tmut/Pois      29%        N/A       2%          3
 Stone Arrow              Conj/Erth      58%        3d10      2%          3
 Summon Guardian Golem    Hex/Summ       29%        N/A       2%          3
 Anguish                  Hex/Necr       14%        N/A       9%          4
 Enfeeble                 Hex            14%        N/A       100%        7
 Orb of Destruction       Conj           14%        9d7       100%        7
 Ozocubu's Refrigeration  Ice            14%        4d10      100%        7
 Spellforged Servitor     Conj/Summ      14%        N/A       100%        7


Dungeon Overview and Level Annotations

Branches:
Dungeon (11/15)            Temple (1/1) D:4            Lair (0/5) D:8
    Orc (0/2) D:10

Altars:
Ashenzari
Cheibriados
Dithmenos
Elyvilon
Fedhas
Gozag
Hepliaklqana
Kikubaaqudgha
Makhleb
Nemelex Xobeh
Okawaru
Qazlal
Ru
Sif Muna
Trog
Uskayaw
Vehumet
Wu Jian
Xom
Yredelemnul
Zin
The Shining One

Portals:
Trove: D:10 (give 12 potions of heal wounds)

Annotations:
D:1 vault need dig
D:9 2 transporters


Innate Abilities, Weirdness & Mutations

You have very sharp teeth.
Your uncanny sense of smell can sniff out nearby items.
Your experience applies equally to all skills.


Message History

Flames lash the orc knight.
The orc knight is burned terribly!
The orc knight is moderately wounded.
Unknown command.
Casting: Scorch (safe; 1% risk of failure)
Confirm with . or Enter, or press ? or * to list all spells.
Flames lash the tengu conjurer.
The tengu conjurer is burned terribly!
The tengu conjurer is severely wounded.
Casting: Scorch (safe; 1% risk of failure)
Confirm with . or Enter, or press ? or * to list all spells.
Flames lash the tengu conjurer.
The tengu conjurer is burned terribly!
You kill the tengu conjurer!
Casting: Scorch (safe; 1% risk of failure)
Confirm with . or Enter, or press ? or * to list all spells.
Flames lash the orc knight.
The orc knight is burned terribly!
The orc knight is heavily wounded.
The orc knight hits you with a +0 battleaxe!!
* * * LOW HITPOINT WARNING * * *
Casting: Scorch (safe; 1% risk of failure)
Confirm with . or Enter, or press ? or * to list all spells.
You don't have enough magic to cast this spell.
Unknown command.
Casting: Scorch (safe; 1% risk of failure)
Confirm with . or Enter, or press ? or * to list all spells.
You don't have enough magic to cast this spell.
Unknown command.
You completely miss the orc knight.
The orc knight is heavily wounded.
Unknown command.
You hit the orc knight.
The orc knight is heavily wounded.
Unknown command.
You catch the helpless orc knight completely off-guard!
You hit the orc knight.
The orc knight is heavily wounded.
Unknown command.
You barely miss the orc knight.
The orc knight is heavily wounded.
The orc knight seems less confused.
The orc knight hits you with a +0 battleaxe!
You die...

.....##.#..........#..##......~..
............#.#......##..#....~..
.........#..###.......##....~.≈≈.
....)....##............#...~~~≈~~
##..)..#........<...........~≈≈≈.
##.....#.##............#.#..~.≈≈.
#........###...........#.#<.~.~~.
..............................~~.
.............#.o@)[.....#.....~..
#)..........##.>..........#...~..
...###.......#................~~.
.)#####....########............≈.
..#.#.....##..#...#...#.#...###≈.
........).....#.∩.#.........#..~.
..............#...#...#.#......~.
...#..........##'##..............
#.............#≈.≈#..............


You could see an orc knight (combustible).

Vanquished Creatures
  A vault guard (D:10)
  A boulder beetle (D:10)
  A two-headed ogre (D:10)
  Erica (D:10)
  A manticore (D:10)
  A kobold demonologist (D:9)
  A tengu conjurer (D:10)
  2 polar bears (D:10)
  A spriggan (shapeshifter) (D:10)
  12 yaks
  4 wyverns
  3 steam dragons
  3 wargs (D:8)
  Duvessa (D:5)
  3 acid dragons
  2 water moccasins
  5 ice beasts
  2 sky beasts (D:6)
  5 orc warriors
  A wolf (D:10)
  2 centaurs (D:10)
  An ogre (D:6)
  A phantom (D:5)
  2 kobold brigands (D:9)
  4 necrophages
  4 bullfrogs
  14 wights
  Dowan (D:5)
  7 killer bees
  4 howler monkeys
  2 electric eels (D:10)
  8 orc priests
  2 gnoll boudas (D:9)
  4 hounds
  6 jellies
  5 iguanas
  Ijyb (D:5)
  Natasha (D:2)
  11 orc wizards
  4 adders
  6 gnolls (D:4)
  A shadow imp (D:7)
  5 white imps
  5 ufetubi
  A worm (D:3)
  4 dart slugs
  38 orcs
  5 endoplasms
  7 giant cockroaches
  9 goblins
  4 hobgoblins
  5 jackals
  22 kobolds
  4 quokkas
  10 ball pythons
  4 bats
  2 frilled lizards
  4 rats
271 creatures vanquished.

Vanquished Creatures (others)
  22 foxfires (D:10)
  7 plants
29 creatures vanquished.

Grand Total: 300 creatures vanquished

Notes
Turn   | Place    | Note
-------+----------+-------------------------------------------
     0 | D:1      | cdecastro the Gnoll Cinder Acolyte began the quest for the
                  | Orb.
     0 | D:1      | Reached XP level 1. HP: 23/23 MP: 4/4
   337 | D:1      | Reached XP level 2. HP: 28/29 MP: 5/5
   383 | D:1      | Learned a level 2 spell: Scorch
  1075 | D:1      | Found a faded altar of an unknown god.
  1208 | D:2      | Reached XP level 3. HP: 30/35 MP: 7/7
  1481 | D:2      | Reached skill level 1 in Invocations
  1622 | D:2      | Reached skill level 1 in Short Blades
  1622 | D:2      | Reached skill level 1 in Long Blades
  1622 | D:2      | Reached skill level 1 in Axes
  1622 | D:2      | Reached skill level 1 in Maces & Flails
  1622 | D:2      | Reached skill level 1 in Staves
  1622 | D:2      | Reached skill level 1 in Ranged Weapons
  1622 | D:2      | Reached skill level 1 in Throwing
  1622 | D:2      | Reached skill level 1 in Armour
  1622 | D:2      | Reached skill level 1 in Dodging
  1622 | D:2      | Reached skill level 1 in Stealth
  1622 | D:2      | Reached skill level 1 in Shields
  1622 | D:2      | Reached skill level 1 in Unarmed Combat
  1622 | D:2      | Reached skill level 1 in Evocations
  1805 | D:2      | Noticed Natasha
  1877 | D:2      | Killed Natasha
  1878 | D:2      | Reached XP level 4. HP: 41/41 MP: 3/8
  2069 | D:2      | Reached skill level 1 in Conjurations
  2069 | D:2      | Reached skill level 1 in Hexes
  2069 | D:2      | Reached skill level 1 in Summonings
  2069 | D:2      | Reached skill level 1 in Necromancy
  2069 | D:2      | Reached skill level 1 in Translocations
  2069 | D:2      | Reached skill level 1 in Transmutations
  2069 | D:2      | Reached skill level 1 in Ice Magic
  2069 | D:2      | Reached skill level 1 in Air Magic
  2069 | D:2      | Reached skill level 1 in Earth Magic
  2069 | D:2      | Reached skill level 1 in Poison Magic
  2809 | D:3      | Found a radiant altar of Vehumet.
  2812 | D:3      | Found an ornate altar of the Wu Jian Council.
  2815 | D:3      | Found a sparkling altar of Nemelex Xobeh.
  2818 | D:3      | Found a stormy altar of Qazlal.
  3649 | D:3      | Reached XP level 5. HP: 47/47 MP: 9/9
  3893 | D:4      | Found a shimmering blue altar of Sif Muna.
  4123 | D:3      | Reached XP level 6. HP: 12/53 MP: 0/11
  5158 | D:4      | Found a bloodstained altar of Trog.
  5283 | D:4      | Found a staircase to the Ecumenical Temple.
  5322 | Temple   | Entered the Ecumenical Temple
  5515 | D:5      | Entered Level 5 of the Dungeon
  5516 | D:5      | Noticed a water moccasin
  5535 | D:4      | Reached XP level 7. HP: 52/60 MP: 7/12
  6154 | D:5      | Noticed Duvessa
  6159 | D:5      | Noticed Dowan
  6364 | D:5      | Noticed Ijyb
  6378 | D:5      | Killed Ijyb
  6776 | D:5      | Noticed a yak
  6946 | D:5      | Killed a yak
  6947 | D:5      | Reached XP level 8. HP: 54/67 MP: 7/14
  7295 | D:5      | Killed Duvessa
  7303 | D:5      | Killed Dowan
  8151 | D:6      | Found a hide-covered altar of Uskayaw.
  8238 | D:6      | Found a broken altar of Ashenzari.
  8299 | D:6      | Found a burning altar of Makhleb.
  8464 | D:6      | Reached XP level 9. HP: 71/73 MP: 11/16
  8654 | D:6      | Reached skill level 5 in Spellcasting
 10236 | D:7      | Reached skill level 5 in Invocations
 10375 | D:7      | Identified the +5 dagger "Nomoif" {vorpal, rPois rF++ Str-4
                  | Stlth+}
 11587 | D:8      | Reached skill level 5 in Short Blades
 11587 | D:8      | Reached skill level 5 in Long Blades
 11587 | D:8      | Reached skill level 5 in Axes
 11587 | D:8      | Reached skill level 5 in Maces & Flails
 11587 | D:8      | Reached skill level 5 in Staves
 11587 | D:8      | Reached skill level 5 in Ranged Weapons
 11587 | D:8      | Reached skill level 5 in Throwing
 11587 | D:8      | Reached skill level 5 in Armour
 11587 | D:8      | Reached skill level 5 in Dodging
 11587 | D:8      | Reached skill level 5 in Stealth
 11587 | D:8      | Reached skill level 5 in Shields
 11587 | D:8      | Reached skill level 5 in Unarmed Combat
 11587 | D:8      | Reached skill level 5 in Evocations
 11587 | D:8      | Reached XP level 10. HP: 78/81 MP: 7/18
 11861 | D:8      | Found a staircase to the Lair.
 12333 | D:8      | Found a hazy altar of Hepliaklqana.
 13584 | D:9      | Identified the +0 scale mail of Too Many Cooks {Contam +Inv
                  | rElec Slay+6}
 14103 | D:9      | Identified the +7 rapier of Action {vorpal, Will+ Stlth+}
 14125 | D:9      | Noticed a kobold demonologist
 14146 | D:9      | Killed a kobold demonologist
 14378 | D:9      | Reached skill level 5 in Conjurations
 14378 | D:9      | Reached skill level 5 in Hexes
 14378 | D:9      | Reached skill level 5 in Summonings
 14378 | D:9      | Reached skill level 5 in Necromancy
 14378 | D:9      | Reached skill level 5 in Translocations
 14378 | D:9      | Reached skill level 5 in Transmutations
 14378 | D:9      | Reached skill level 5 in Ice Magic
 14378 | D:9      | Reached skill level 5 in Air Magic
 14378 | D:9      | Reached skill level 5 in Earth Magic
 14378 | D:9      | Reached skill level 5 in Poison Magic
 14378 | D:9      | Reached XP level 11. HP: 80/89 MP: 21/21
 14503 | D:9      | Learned a level 3 spell: Mephitic Cloud
 14524 | D:9      | Found a transporter.
 14549 | D:9      | Found a transporter.
 15295 | D:10     | Entered Level 10 of the Dungeon
 15428 | D:10     | Noticed a two-headed ogre
 15437 | D:10     | Killed a two-headed ogre
 15509 | D:10     | Found a staircase to the Orcish Mines.
 15567 | D:10     | Found an ancient bone altar of Kikubaaqudgha.
 15757 | D:10     | Noticed a boulder beetle
 15770 | D:10     | Killed a boulder beetle
 16503 | D:10     | Noticed Erica
 16520 | D:11     | Noticed a cyan ugly thing
 16520 | D:11     | Noticed a manticore
 16522 | D:11     | Noticed an orc knight
 16626 | D:10     | Killed Erica
 16743 | D:10     | Noticed a vault guard
 16745 | D:10     | Killed a vault guard
 16764 | D:10     | Found a portal to a secret trove of treasure.
 17023 | D:10     | Killed a manticore
 17378 | D:10     | HP: 3/90 [orc knight/+0 battleaxe (20)]
 17382 | D:10     | Mangled by an orc knight

Illustrated notes

Levels and vault maps discovered:
D:1:      lightli_arrival_boilingwater, layout_basic, serial_bayou,
          serial_bayou_lake_a, serial_bayou_lagoon_b, serial_bayou_pond_e,
          serial_bayou_pond_b, serial_bayou_pond_a, serial_bayou_shore_b,
          chequers_ecumenical_altar_lobes, minmay_surrounded
D:2:      layout_loops_cross, uniq_natasha
D:3:      layout_loops_corners, grunt_temple_overflow_cloverleaf,
          grunt_ministairs_6
D:4:      layout_rooms, mainiacjoe_overflow_paths, mainiacjoe_overflow_alcove_4,
          minmay_temple_entry_proselytizer
D:5:      minmay_diamond_boxcup, layout_loops_ring, uniq_duvessa, uniq_ijyb
D:6:      layout_loops_cross, nicolae_uskayaw_suspiria,
          ashenzari_conservatory_becter, mainiacjoe_overflow_cross_hatched
D:7:      layout_cave_pods, st_stairs_12
D:8:      layout_rooms, nzn_hepliaklqana_mist_gate, erik_lair_orcish_takeover
D:9:      layout_basic, gammafunk_ghost_hive, minmay_alternating_orb
D:10:     layout_cave_pools, mainiacjoe_overflow_boulevard, david_orc_2,
          serial_ice, serial_ice_n, serial_ice_e, serial_ice_m, serial_ice_b,
          serial_ice_f, serial_ice_d, serial_ice_k, enter_trove_5,
          minmay_crystal_water, uniq_erica
D:11:     minmay_ambush_box, layout_basic, serial_undead, serial_undead_e,
          serial_undead_e, serial_undead_d, serial_undead_e,
          nicolae_looking_at_the_future
Temple:   nicolae_temple_bog_church

Skill      XL: |  1  2  3  4  5  6  7  8  9 10 11 |
---------------+----------------------------------+-----
Invocations    | 1 2 3 4 5 6 7 |  7.7
Short Blades   | 1 2 3 5 6 7 |  7.0
Long Blades    | 1 2 3 5 6 7 |  7.0
Axes           | 1 2 3 5 6 7 |  7.0
Maces & Flails | 1 2 3 5 6 7 |  7.0
Staves         | 1 2 3 5 6 7 |  7.0
Ranged Weapons | 1 2 3 5 6 7 |  7.0
Throwing       | 1 2 3 5 6 7 |  7.0
Armour         | 1 2 3 5 6 7 |  7.0
Dodging        | 1 2 3 5 6 7 |  7.0
Stealth        | 1 2 3 5 6 7 |  7.0
Shields        | 1 2 3 5 6 7 |  7.0
Unarmed Combat | 1 2 3 5 6 7 |  7.0
Evocations     | 1 2 3 5 6 7 |  7.0
Spellcasting   | 3 4 5 6 7 |  7.6
Conjurations   | 1 2 3 4 5 |  5.8
Hexes          | 1 2 3 4 5 |  5.8
Summonings     | 1 2 3 4 5 |  5.8
Necromancy     | 1 2 3 4 5 |  5.8
Translocations | 1 2 3 4 5 |  5.8
Transmutations | 1 2 3 4 5 |  5.8
Ice Magic      | 1 2 3 4 5 |  5.8
Air Magic      | 1 2 3 4 5 |  5.8
Earth Magic    | 1 2 3 4 5 |  5.8
Poison Magic   | 1 2 3 4 5 |  5.8
Fighting       | 7 8 9 |  9.7
Polearms       | 7 8 9 |  9.7
Fire Magic     | 6 7 8 |  8.1

Action                   |  1- 3 |  4- 6 |  7- 9 | 10-12 || total
-------------------------+-------+-------+-------+-------++-------
Melee: Spear             |   109 |   147 |   107 |       ||   363
       Bite              |     7 |    12 |     4 |    12 ||    35
       Whip              |       |    25 |     3 |       ||    28
       Punch             |       |     1 |       |     4 ||     5
       Dagger            |       |       |    11 |    65 ||    76
       Rapier            |       |       |       |    79 ||    79
       Unarmed           |       |       |       |    20 ||    20
Throw: Dart              |       |    20 |    13 |    45 ||    78
       Javelin           |       |     3 |       |       ||     3
 Cast: Scorch            |     3 |    28 |   157 |   159 ||   347
       Mephitic Cloud    |       |       |       |     3 ||     3
Invok: Fiery Armour      |       |       |     2 |     2 ||     4
       Rising Flame      |       |       |     1 |       ||     1
       Foxfire Swarm     |       |       |       |     1 ||     1
Evoke: Wand              |       |       |     1 |    23 ||    24
  Use: Scroll            |       |       |       |    19 ||    19
 Stab: Sleeping          |     1 |       |     1 |     1 ||     3
       Confused          |       |       |       |     5 ||     5
Armor: Robe              |     8 |    12 |    76 |    50 ||   146
       Skin              |       |       |       |     2 ||     2
       Steam dragon scal |       |       |       |    39 ||    39
Dodge: Dodged            |    36 |    92 |    74 |   156 ||   358
